Map: Hecate LE

Players

yellowsnow

  • Race: Zerg Zerg
  • League: Platinum
  • Spawn Location: 1:00

Серджао - Winner!

  • Race: Protoss Protoss
  • League: Master
  • Spawn Location: 7:00

VOD

Have the link to the VOD?

Description

Time

  • Played on: Jan. 3, 2024, 1:49 p.m.
  • Length: 9:42
Show
View Real Time Build Order
Export as new Build Order

yellowsnow Zerg 

Build Orders: Hatch First 

Get SALT Encoding   

  12  0:00  Drone  
  13  0:12  Overlord  
  13  0:16  Drone  
  14  0:31  Drone x2  
  16  0:47  Hatchery  
  15  0:51  Drone  
  15  0:55  Drone  
  17  0:59  Drone  
  18  1:10  Extractor  
  17  1:14  Spawning Pool  
  17  1:16  Drone  
  17  1:20  Drone  
  18  1:27  Drone  
  19  1:38  Drone  
  20  1:48  Drone  
  21  2:02  Drone x2, Queen x2  
  27  2:10  Drone  
  27  2:12  Overlord  
  28  2:21  Hatchery  
  27  2:24  Drone  
  28  2:30  Drone  
  28  2:32  Drone  
  28  2:33  Drone  
  31  2:38  Queen  
  31  2:42  Overlord  
  33  2:45  Metabolic Boost  
  33  2:50  Drone  
  34  2:54  Drone  
  34  2:55  Overlord  
  35  3:07  Drone x2  
  35  3:12  Drone x5  
  42  3:13  Drone  
  43  3:21  Drone x2  
  45  3:28  Overlord  
  45  3:29  Drone, Roach Warren  
  45  3:34  Extractor  
  45  3:35  Overlord  
  45  3:36  Extractor  
  43  3:41  Zergling x6  
  43  3:42  Zergling x4  
  43  3:46  Drone x2  
  43  3:47  Drone  
  51  3:48  Drone  
  52  3:59  Overlord  
  52  4:00  Overlord  
  52  4:02  Overlord  
  52  4:15  Roach x4  
  60  4:17  Roach  
  60  4:18  Roach x2  
  60  4:19  Roach  
  67  4:33  Spore Crawler x2  
  58  5:00  Spore Crawler  
  58  5:03  Roach x8  
  58  5:05  Ravager x2  
  58  5:06  Ravager x2  
  77  5:11  Zergling x2  
  77  5:12  Zergling x6  
  80  5:30  Spawning Pool  
  79  5:48  Drone  
  69  5:57  Drone x4  
  69  5:58  Drone x6  
  79  6:08  Drone x3  
  80  6:19  Extractor  
  80  6:20  Drone x2, Extractor  
  80  6:21  Drone, Hatchery  
  80  6:31  Hatchery  
  79  6:32  Roach Warren  
  79  6:33  Overlord x3  
  79  6:34  Overlord  
  78  6:44  Overlord  
  78  6:49  Lair  
  74  7:11  Overlord x2  
  74  7:17  Drone  
  74  7:18  Drone x9  
  84  7:24  Evolution Chamber  
  84  7:25  Evolution Chamber  
  82  7:31  Drone x3  
  82  7:32  Drone x3  
  88  7:44  Queen  
  88  7:46  Overseer  
  88  7:48  Queen  
  92  7:53  Drone x3  
  92  7:54  Extractor  
  94  8:02  Drone x3, Overlord x2  
  94  8:03  Roach  
  94  8:04  Roach x2  
  103  8:09  Glial Reconstitution  
  103  8:11  Ravager x4  
  103  8:12  Ravager  
  108  8:19  Drone x2  
  110  8:20  Roach  
  110  8:21  Roach x3  
  110  8:24  Ravager  
  110  8:25  Ravager x2  
  121  8:30  Spore Crawler  
  121  8:31  Spine Crawler  
  119  8:35  Spine Crawler  
  119  8:36  Spore Crawler  
  119  8:37  Drone x2  
  119  8:38  Spine Crawler  
  118  8:42  Spore Crawler  
  118  8:43  Spine Crawler  
  118  8:45  Roach x4  
  124  8:51  Drone x2  
  124  8:52  Overlord x2  
  124  8:54  Roach  
  128  9:02  Zergling x2  
  116  9:03  Zergling x14  
  121  9:10  Zergling x12  
Show
View Real Time Build Order
Export as new Build Order

Серджао Protoss - Winner!

Build Orders: Nexus First, Archon Immortal, Archon Drop, Dark Templar Rush 

Get SALT Encoding   

  12  0:00  Probe  
  13  0:12  Probe  
  14  0:19  Pylon  
  14  0:24  Probe  
  15  0:37  Probe  
  16  0:49  Probe  
  17  0:59  Nexus  
  17  1:03  Probe  
  18  1:14  Gateway  
  18  1:16  Probe (Chrono Boost)  
  19  1:24  Assimilator  
  20  1:26  Probe (Chrono Boost)  
  20  1:30  Assimilator  
  20  1:31  Probe (Chrono Boost)  
  20  1:39  Pylon  
  21  1:43  Probe (Chrono Boost)  
  22  1:51  Probe (Chrono Boost)  
  23  1:58  Probe (Chrono Boost)  
  24  2:02  Cybernetics Core  
  24  2:08  Zealot  
  26  2:10  Probe (Chrono Boost)  
  28  2:18  Probe (Chrono Boost)  
  28  2:19  Probe (Chrono Boost)  
  29  2:24  Probe x2  
  31  2:31  Warp Gate  
  31  2:37  Adept (Chrono Boost)  
  31  2:38  Twilight Council  
  33  2:44  Robotics Facility  
  33  2:47  Probe  
  33  2:49  Probe  
  35  2:54  Shield Battery  
  35  2:59  Probe  
  35  3:01  Probe  
  37  3:17  Dark Shrine  
  37  3:19  Gateway  
  37  3:24  Gateway  
  37  3:25  Gateway  
  37  3:30  Warp Prism (Chrono Boost)  
  39  3:36  Probe  
  39  3:37  Probe  
  39  3:40  Assimilator  
  41  3:44  Assimilator  
  41  3:48  Probe  
  42  3:49  Probe  
  42  3:52  Pylon  
  43  4:00  Probe  
  43  4:01  Probe, Pylon  
  45  4:06  Pylon  
  45  4:12  Probe  
  45  4:13  Probe  
  47  4:24  Probe  
  47  4:29  Dark Templar x4  
  54  4:54  Immortal (Chrono Boost)  
  58  5:15  Probe x2  
  58  5:17  Nexus  
  58  5:20  Pylon  
  60  5:25  Pylon  
  60  5:30  Immortal (Chrono Boost)  
  60  5:31  Probe  
  60  5:32  Probe  
  66  5:39  Dark Templar x4  
  66  5:49  Probe x2  
  68  5:54  Stalker x3  
  72  6:01  Probe  
  72  6:02  Immortal (Chrono Boost)  
  77  6:08  Shield Battery, Charge  
  78  6:18  Probe (Chrono Boost)  
  78  6:20  Archon  
  78  6:21  Archon  
  78  6:22  Probe (Chrono Boost)  
  78  6:23  Dark Templar x3  
  85  6:28  Probe (Chrono Boost)  
  85  6:31  Probe x2 (Chrono Boost)  
  88  6:37  Probe (Chrono Boost)  
  88  6:38  Warp Prism (Chrono Boost)  
  89  6:41  Probe (Chrono Boost)  
  89  6:43  Sentry  
  96  6:47  Probe (Chrono Boost)  
  96  6:49  Pylon  
  96  6:50  Probe x2 (Chrono Boost)  
  96  6:54  Probe (Chrono Boost)  
  98  6:56  Probe  
  98  6:58  Probe  
  98  7:05  Probe  
  100  7:13  Gateway  
  100  7:14  Templar Archives  
  101  7:16  Gateway  
  101  7:18  Gateway  
  101  7:20  Gateway, Immortal (Chrono Boost)  
  103  7:22  Gateway  
  103  7:24  Sentry x3, Gateway  
  103  7:28  Pylon  
  109  7:30  Archon, Pylon  
  109  7:39  Pylon  
  109  7:42  Pylon x2  
  113  7:53  Immortal (Chrono Boost)  
  113  7:56  Gateway  
  113  7:59  Gateway  
  113  8:00  High Templar  
  113  8:01  High Templar  
  113  8:02  Pylon  
  113  8:04  Zealot x2  
  121  8:05  Archon  
  121  8:06  Pylon  
  121  8:12  High Templar x2  
  125  8:17  Archon  
  126  8:20  Observer (Chrono Boost)  
  126  8:27  Zealot x6  
  126  8:32  Pylon  
  126  8:33  Nexus  
  138  8:34  Pylon  
  138  8:41  Zealot x2  
  138  8:45  Zealot x2  
  138  8:47  Zealot x4  
  138  8:48  Zealot  
  142  9:19  Zealot x11  
  142  9:20  Zealot  
  142  9:22  Probe x3  
Tags
 
Add a new tag
Caveats
  • Supply blocks, unpowered buildings, or Contaminate may cause inaccurate times.
  • Supply counts are checked every 10 seconds.